Map: World of Sleepers LE

Players

Caerwyn - Winner!

  • Race: Terran Terran
  • Spawn Location: 7:00

tso

  • Race: Zerg Zerg
  • Spawn Location: 1:00

VOD

Have the link to the VOD?

Description

Time

  • Played on: Sept. 6, 2019, 1:14 p.m.
  • Length: 16:50
Show
View Real Time Build Order
Export as new Build Order

Caerwyn Terran - Winner!

Build Orders: Reaper Expand, Hellion Banshee 

Get SALT Encoding   

  12  0:00  SCV  
  13  0:12  SCV  
  14  0:17  Supply Depot  
  14  0:24  SCV  
  15  0:39  Barracks, SCV  
  16  0:44  Refinery  
  16  0:51  SCV  
  17  1:03  SCV  
  18  1:15  SCV  
  19  1:27  Reaper  
  19  1:28  Orbital Command  
  20  1:42  Command Center  
  20  1:53  SCV  
  21  1:54  Bunker  
  21  1:59  Marine  
  22  2:08  Factory  
  22  2:10  SCV  
  23  2:20  Supply Depot  
  23  2:27  Barracks Reactor  
  23  2:28  Refinery  
  23  2:42  SCV  
  24  2:54  SCV  
  25  3:01  Starport  
  26  3:07  Orbital Command  
  26  3:12  SCV  
  26  3:13  Marine, Hellion x2  
  30  3:35  Hellion  
  19  3:49  SCV  
  19  3:51  Hellion  
  19  3:53  SCV  
  21  4:03  SCV  
  21  4:07  Starport Tech Lab  
  21  4:09  SCV  
  23  4:13  Factory Reactor  
  23  4:16  SCV  
  24  4:21  SCV  
  25  4:28  SCV  
  26  4:33  SCV, Supply Depot x2  
  27  4:40  SCV  
  28  4:48  SCV  
  29  4:54  Banshee  
  29  4:58  Hellion  
  29  4:59  Hellion  
  36  5:01  SCV  
  37  5:07  SCV  
  38  5:24  Hellion x2  
  38  5:27  SCV  
  38  5:28  SCV  
  36  5:31  Bunker  
  36  5:35  Supply Depot  
  36  5:40  SCV x2  
  38  5:45  Hellion x2  
  42  5:52  SCV x2  
  44  5:57  Armory  
  44  6:04  SCV x2  
  46  6:10  Hellion  
  46  6:11  Hellion  
  50  6:12  Cloaking Field  
  50  6:16  SCV x2  
  52  6:18  Supply Depot  
  52  6:29  SCV x2  
  54  6:40  Hellion x2, Banshee  
  54  6:41  Supply Depot  
  61  6:47  SCV  
  61  6:52  SCV  
  63  6:59  SCV  
  64  7:02  Hellion x2  
  64  7:04  SCV  
  69  7:18  Command Center  
  69  7:22  Banshee  
  69  7:23  SCV x2  
  74  7:34  Hellion x2  
  78  7:40  Factory, Refinery  
  78  7:41  Factory  
  78  7:54  Hellion x12  
  78  7:55  Refinery  
  78  8:06  SCV x2  
  78  8:09  Hellion x2  
  84  8:18  SCV x2  
  86  8:21  Starport Reactor  
  86  8:28  Factory Tech Lab  
  86  8:30  SCV x2  
  86  8:31  Terran Vehicle Weapons Level 1, Engineering Bay  
  86  8:34  Orbital Command  
  88  8:40  Siege Tank  
  91  8:41  Hellion  
  91  8:42  SCV x2, Hellion  
  97  8:54  SCV x2  
  99  9:01  Viking  
  99  9:02  Orbital Command  
  101  9:07  Missile Turret  
  101  9:13  Smart Servos  
  101  9:16  Missile Turret  
  101  9:25  Siege Tank, Hellion x2  
  101  9:27  SCV, Supply Depot  
  101  9:29  Refinery  
  101  9:30  Supply Depot  
  109  9:31  Refinery  
  109  9:49  SCV x2  
  103  9:55  Hellion  
  103  9:59  Hellion  
  113  10:00  Viking x2  
  113  10:01  Siege Tank  
  113  10:03  Siege Tank  
  115  10:11  Supply Depot  
  115  10:13  Supply Depot  
  115  10:20  Hellion  
  112  10:34  Siege Tank  
  110  10:49  Factory Tech Lab, Hellion x2  
  114  10:50  Viking x2  
  118  11:01  Infernal Pre-Igniter  
  118  11:02  Orbital Command  
  118  11:06  Siege Tank  
  119  11:14  Siege Tank, Hellion x2  
  119  11:18  SCV x2  
  128  11:21  Viking  
  130  11:30  SCV x2  
  132  11:34  Supply Depot  
  132  11:37  Viking  
  134  11:40  Refinery  
  134  11:45  Refinery  
  134  11:46  Siege Tank  
  137  11:49  SCV  
  137  11:50  SCV x2  
  140  11:56  Supply Depot  
  140  12:01  Siege Tank, SCV  
  143  12:06  SCV x2  
  146  12:11  Supply Depot  
  146  12:14  SCV  
  147  12:16  Hellion x12  
  144  12:27  Siege Tank, Hellion x2, Viking  
  153  12:33  Siege Tank  
  148  12:41  Viking  
  150  12:44  Terran Vehicle Weapons Level 2  
  150  12:45  Factory  
  150  12:47  Liberator, Factory  
  150  12:55  Hellion x2  
  154  12:58  SCV x2  
  154  12:59  SCV  
  154  13:03  Sensor Tower  
  160  13:10  SCV  
  161  13:27  Siege Tank x2, Hellion  
  161  13:28  Hellion  
  165  13:51  Supply Depot  
  165  14:02  Supply Depot, Hellion x2, Viking x2  
  173  14:03  Supply Depot x2  
  173  14:04  Command Center  
  173  14:13  Siege Tank x2  
  173  14:14  Factory Tech Lab, Factory Reactor  
  179  14:20  Armory  
  179  14:26  Hellion x2  
  181  14:58  Siege Tank x3, Hellion  
  181  14:59  Hellion x3  
  192  15:19  Viking x2  
  156  15:30  Siege Tank  
  156  15:32  Siege Tank x2, Hellion x2  
  163  15:37  Hellion x2  
  163  15:41  SCV x2  
  167  15:54  Hellion x2  
  167  16:02  Siege Tank  
  170  16:04  Siege Tank  
  170  16:06  Hellion  
  170  16:07  Hellion x2, Viking x2  
  175  16:12  SCV  
  175  16:13  SCV x2, Orbital Command  
  175  16:15  Hellion x2  
  182  16:25  SCV  
  181  16:28  Hellion x3  
Show
View Real Time Build Order
Export as new Build Order

tso Zerg 

Build Orders: Pool First, Swarm Host, Zergling Baneling 

Get SALT Encoding   

  12  0:01  Drone  
  13  0:13  Overlord  
  13  0:16  Drone  
  14  0:31  Drone x2  
  16  0:42  Extractor, Drone  
  16  0:51  Spawning Pool, Drone  
  16  0:58  Drone  
  17  1:18  Hatchery  
  16  1:38  Zergling x6  
  16  1:39  Queen  
  21  1:46  Metabolic Boost  
  21  1:53  Zergling x2  
  22  2:12  Overlord  
  22  2:21  Baneling Nest  
  20  2:25  Zergling x2  
  21  2:31  Zergling x4  
  21  2:35  Zergling x2  
  24  2:43  Zergling x4  
  26  2:48  Zergling x4  
  28  3:01  Zergling x6  
  30  3:10  Zergling x4  
  30  3:12  Baneling x3  
  32  3:17  Baneling x3  
  32  3:18  Baneling x2  
  32  3:25  Zergling x4  
  34  3:33  Zergling x4  
  32  3:42  Zergling x2  
  25  3:48  Zergling x4  
  25  3:54  Zergling x4  
  27  4:01  Baneling x3  
  27  4:03  Baneling  
  27  4:05  Baneling  
  27  4:11  Zergling x2  
  27  4:13  Zergling x2  
  29  4:17  Zergling x2  
  26  4:29  Queen  
  26  4:31  Drone  
  26  4:34  Drone  
  29  4:38  Drone  
  29  4:42  Drone  
  29  4:45  Drone  
  31  4:48  Drone  
  31  4:50  Drone  
  33  5:02  Overlord  
  33  5:04  Queen  
  35  5:11  Drone  
  36  5:26  Overlord  
  36  5:28  Drone x5  
  39  5:41  Hatchery  
  38  5:44  Overlord  
  38  5:46  Drone  
  39  5:51  Drone x2  
  39  5:54  Overlord  
  41  5:58  Drone x2  
  43  6:04  Drone x3  
  46  6:12  Zergling x4  
  46  6:18  Queen  
  50  6:26  Overlord  
  50  6:27  Overlord  
  50  6:31  Drone x2  
  50  6:32  Drone, Evolution Chamber, Extractor  
  51  6:33  Evolution Chamber  
  51  6:34  Extractor  
  51  6:35  Drone  
  50  6:40  Drone x3  
  50  6:46  Drone x2  
  55  6:53  Drone x2  
  57  6:56  Roach Warren  
  57  6:57  Queen  
  58  7:03  Lair  
  58  7:06  Zergling x4  
  60  7:13  Drone x3  
  63  7:16  Drone x2  
  63  7:19  Zerg Missile Weapons Level 1  
  65  7:24  Drone x3  
  65  7:27  Overlord  
  68  7:32  Overlord  
  68  7:33  Drone  
  68  7:36  Drone  
  68  7:37  Drone  
  71  7:40  Baneling x2  
  71  7:41  Baneling x4  
  73  7:44  Roach  
  73  7:50  Spore Crawler x2  
  71  7:51  Baneling x2  
  70  8:06  Zerg Melee Weapons Level 1  
  70  8:07  Overseer  
  70  8:10  Roach x6  
  80  8:15  Roach  
  82  8:27  Drone x2  
  84  8:34  Drone  
  84  8:35  Extractor  
  84  8:37  Queen x2  
  84  8:38  Drone  
  84  8:39  Drone  
  84  8:41  Drone  
  91  8:42  Hatchery  
  91  8:46  Overlord  
  91  8:47  Glial Reconstitution  
  90  8:54  Centrifical Hooks  
  90  8:59  Overlord  
  90  9:04  Overlord, Extractor  
  90  9:07  Extractor  
  88  9:13  Overlord  
  88  9:17  Drone x3  
  88  9:18  Drone x3  
  88  9:19  Drone x2  
  88  9:21  Drone  
  97  9:26  Nydus Network  
  97  9:27  Overseer  
  97  9:30  Roach  
  98  9:32  Overlord  
  98  9:36  Roach  
  100  9:44  Roach x3  
  102  9:51  Roach x2  
  103  9:58  Roach x3  
  109  10:05  Overlord  
  109  10:09  Nydus Canal  
  109  10:12  Queen x2  
  113  10:18  Roach  
  113  10:20  Spore Crawler  
  113  10:21  Roach  
  116  10:26  Roach x3  
  118  10:37  Roach x6  
  118  10:39  Nydus Canal  
  118  10:42  Queen  
  124  10:45  Roach  
  124  10:49  Ravager x8  
  136  10:53  Overlord  
  136  10:59  Overlord  
  136  11:00  Overseer  
  134  11:06  Roach x3  
  134  11:08  Overlord x2  
  138  11:14  Zerg Missile Weapons Level 2  
  138  11:23  Drone  
  138  11:25  Drone  
  140  11:27  Drone  
  140  11:28  Hydralisk Den, Drone x3  
  140  11:29  Hatchery  
  140  11:31  Drone  
  143  11:48  Overseer  
  143  11:59  Roach x13  
  169  12:02  Overlord  
  169  12:06  Drone  
  169  12:07  Infestation Pit  
  169  12:08  Overlord  
  169  12:11  Unknown  
  165  12:25  Overlord  
  165  12:31  Drone x5  
  165  12:32  Drone x8  
  188  12:47  Hydralisk x2  
  189  12:54  Swarm Host  
  189  12:56  Overlord x2  
  191  12:59  Swarm Host x3  
  191  13:00  Overlord x2  
  190  13:10  Zerg Melee Weapons Level 2, Overlord x2  
  190  13:14  Overlord  
  190  13:15  Swarm Host x3  
  183  13:28  Nydus Canal  
  183  13:31  Swarm Host x3  
  183  13:33  Overlord  
  188  13:40  Swarm Host x5  
  189  13:47  Hydralisk x8  
  199  14:00  Spire  
  199  14:01  Overseer  
  198  14:05  Overseer  
  198  14:08  Muscular Augments  
  198  14:13  Hatchery  
  197  14:18  Overlord  
  197  14:30  Hydralisk  
  199  14:37  Nydus Canal, Hive  
  199  14:52  Nydus Canal  
  197  14:56  Roach  
  197  14:57  Roach x7  
  199  15:06  Nydus Canal  
  197  15:09  Roach  
  199  15:20  Grooved Spines  
  187  15:23  Roach x10  
  187  15:30  Roach x10  
  187  15:35  Roach x12  
  196  15:42  Hydralisk  
  190  15:52  Ravager x3  
  190  15:56  Roach x10  
  197  16:00  Roach x6  
  188  16:08  Mutalisk x8  
  199  16:17  Overlord  
Tags
 
Add a new tag
Caveats
  • Supply blocks, unpowered buildings, or Contaminate may cause inaccurate times.
  • Supply counts are checked every 10 seconds.